 Dungeon Crawl Stone Soup version 0.29.0-4-gdea44cf6ec (webtiles) character file.

Game seed: 12271108267360897441

10903 qw the Blocker (level 11, -18/69 HPs)
             Began as a Gargoyle Fighter on Sept 8, 2022.
             Was an Elder of Okawaru.
             Blown up by a great orb of eyes (45 damage)
             ... with a mindburst bolt
             ... on level 1 of the Abyss.
             The game lasted 00:04:41 (9632 turns).

qw the Blocker (Gargoyle Fighter)                   Turns: 9632, Time: 00:04:42

Health: -18/69     AC: 29    Str: 30    XL:     11   Next: 69%
Magic:  13/15      EV: 13    Int:  9    God:    Okawaru [****..]
Gold:   279        SH: 18    Dex:  9    Spells: 10/10 levels left

rFire   + . .      SeeInvis .   Y - +3 war axe
rCold   . . .      Faith    .   u - +0 tower shield
rNeg    + . .      Spirit   .   g - +4 chain mail {rF+}
rPois   inf        Reflect  .   f - +1 hat of Submission {Str+6}
rElec   +          Harm     .   p - +2 cloak
rCorr   .          Rampage  .   n - +0 pair of gloves
Will    .....      Rage     3%  (no boots)
Stlth   ..........              r - amulet of regeneration
HPRegen 1.01/turn               m - +4 ring of protection
MPRegen 0.14/turn               s - +4 ring of evasion

@: heroic, unable to drink
A: sickness immunity, AC +8, negative energy resistance 1, electricity
resistance, torment resistance 1, petrification resistance, antennae 1, berserk
1, deformed body, wild magic 1, inability to drink after injury 1, MP-powered
wands
a: Renounce Religion, Heroism, Finesse


You were on level 1 of the Abyss.
You worshipped Okawaru.
Okawaru was greatly pleased with you.
You visited 2 branches of the dungeon, and saw 10 of its levels.
You visited the Abyss 1 time.

You collected 476 gold pieces.
You spent 197 gold pieces at shops.


Innate Abilities, Weirdness & Mutations

You are immune to sickness and miasma.
Your stone body is resilient. (AC +8)
You are immune to poison.
You resist negative energy. (rN+)
You are resistant to electric shocks. (rElec)
You are resistant to unholy torment.
You are immune to petrification.
You have a pair of small antennae on your head.
You sometimes lose your temper in combat.
Armour fits poorly on your strangely shaped body.
Your spells are a little harder to cast, but a little more powerful.
You occasionally lose the ability to drink potions when taking damage.
You expend magic power (3 MP) to strengthen your wands.


   Skills:
 - Level 8.4(13.4) Fighting
 - Level 10.1(15.1) Axes
 - Level 2.0(7.0) Throwing
 - Level 5.9(10.9) Armour
 - Level 1.0(6.0) Dodging
 + Level 12.0(17.0) Shields
 + Level 5.4 Invocations


You had 10 spell levels left.
You didn't know any spells.
Your spell library was empty.

Inventory:

Hand Weapons
 c - a -1 demon whip of venom
 Y - a +3 war axe (weapon)
Armour
 f - the +1 hat of Submission (worn) {Str+6}
   (You found it on level 7 of the Dungeon)

   Str:       It affects your strength (+6).
 g - a +4 chain mail of fire resistance (worn)
 i - a scarf of resistance
 n - a +0 pair of gloves (worn)
 p - a +2 cloak (worn)
 u - a +0 tower shield (worn)
Jewellery
 m - a +4 ring of protection (left hand)
 r - an amulet of regeneration (around neck)
 s - a +4 ring of evasion (right hand)
Scrolls
 a - a scroll of identify
 b - 5 scrolls of teleportation
Potions
 d - 4 potions of might
 h - a potion of haste
 j - a potion of resistance
 k - a potion of cancellation
 l - a potion of lignification {unknown}
 q - a potion of attraction {unknown}
 v - a potion of heal wounds

Dungeon Overview and Level Annotations

Branches:
Dungeon (9/15)             Temple (1/1) D:7
   Lair: D:8-11         Orc: D:9-12

Altars:
Ashenzari
Cheibriados
Dithmenos
Fedhas
Gozag
Kikubaaqudgha
Makhleb
Nemelex Xobeh
Okawaru
Ru
Sif Muna
Vehumet
Wu Jian
Xom
Yredelemnul
Zin
The Shining One

Shops:
D:5 *   D:6 :

Portals:
Bailey: D:9

Annotations:
D:3 1 runed translucent door, Crazy Yiuf
D:6 6 runed translucent doors
D:7 1 runed translucent door, qw's ghost, novice MiFi
D:9 Maurice


Message History

9543 ||| DRINKING 2 potions of mutation.
You feel extremely strange.
You regain control of your magic.
You no longer feel a malignance within.
You no longer become unable to drink potions after taking damage.
Your skin feels very cold.
You feel a little pissed off.
9544 ||| DRINKING potion of mutation.
You feel extremely strange.
You begin to regenerate regardless of the presence of monsters.
Your skin warms up.
You feel healthier.
You occasionally lose the ability to drink potions when taking damage.
A pair of antennae grows on your head!
Your body twists and deforms.
You feel less in control of your magic.
You are suddenly pulled into a different region of the Abyss!
You feel like a meek peon again.
A great orb of eyes comes into view.
The great orb of eyes turns its gaze towards you.
You slash the great orb of eyes!
The great orb of eyes is lightly wounded.
The great orb of eyes gazes at you.
You are confused.
9628 ||| DRINKING potion of curing.
You feel better.
9628 ||| (to cure confusion)
You block the great orb of eyes's attack.
You slash the great orb of eyes!
The great orb of eyes is heavily wounded.
The great orb of eyes barely misses you.
You slice the great orb of eyes!!
The great orb of eyes is almost dead.
The great orb of eyes gazes at you.
Your mind is blasted!
Ouch! That really hurt!
9631 ||| INVOKING Heroism.
You gain the combat prowess of a mighty hero.
You block the great orb of eyes's attack.
You hit the great orb of eyes but do no damage.
The great orb of eyes is almost dead.
The great orb of eyes gazes at you.
Your mind is blasted!
You feel threatened and lose the ability to drink potions!
Ouch! That really hurt!
You die...

## # ## .#
.. . . .#
#.#.#.##..#
#.#.....#
##......#
##.###..
#...#.##
##......#
#.@.###.#
#G.#...##
#.###.#..#
#.# .. ...
... #.. .
... .. #..
... #..


You could see a great orb of eyes.

Vanquished Creatures
  A cacodemon (Abyss:1)
  A sixfirhy (Abyss:1)
  Amaemon (D:8)
  Pikel (D:6)
  5 gargoyles (D:7)
  2 orange demons
  An ice devil (Abyss:1)
  2 hornets (D:8)
  Sigmund (D:7)
  A shadow (D:9)
  A wyvern (D:8)
  13 yaks (D:8)
  A ynoxinul (Abyss:1)
  3 steam dragons
  Menkaure (D:7)
  Edmund (D:7)
  Duvessa (D:4)
  2 orc warriors (D:6)
  2 water moccasins
  2 black bears
  2 sky beasts (D:8)
  An ice beast (D:6)
  2 centaurs
  A kobold brigand (D:8)
  A necrophage (D:7)
  2 bullfrogs
  3 scorpions
  3 wights (D:9)
  Dowan (D:4)
  3 howler monkeys
  5 hounds
  An orc priest (D:8)
  5 jellies
  A gnoll bouda (D:6)
  7 iguanas
  4 orc wizards
  2 gnolls (D:9)
  7 adders
  5 white imps
  2 worms (D:2)
  4 dart slugs
  15 orcs
  8 ball pythons
  11 endoplasms
  2 giant cockroaches (D:1)
  7 hobgoblins
  8 jackals
  12 kobolds
  3 quokkas
  7 bats
  3 frilled lizards (D:2)
  11 goblins
  7 rats
199 creatures vanquished.

Vanquished Creatures (others)
  A sky beast (D:6)
  3 plants (D:5)
4 creatures vanquished.

Grand Total: 203 creatures vanquished

Notes
Turn   | Place    | Note
-------+----------+-------------------------------------------
     0 | D:1      | qw the Gargoyle Fighter began the quest for the Orb.
     0 | D:1      | Reached XP level 1. HP: 14/14 MP: 1/1
     0 | D:1      | 0 ||| qw: Version: 0.1-a-111-g1c1fd2e
     0 | D:1      | 0 ||| qw: Game counter: 6582
     0 | D:1      | 0 ||| qw: Always use a shield: true
     0 | D:1      | 0 ||| qw: God list: Okawaru
     0 | D:1      | 0 ||| qw: Allow faded altars: false
     0 | D:1      | 0 ||| qw: Do Orc after D:15 true
     0 | D:1      | 0 ||| qw: Do second Lair branch before Depths: true
     0 | D:1      | 0 ||| qw: Lair rune preference: random
     0 | D:1      | 0 ||| qw: Plans: Normal, Zot, God:TSO, Crypt, Tomb, Zig,
                  | Orb
     0 | D:1      | 0 ||| PLANNING D:1-11
    30 | D:1      | 30 ||| Stepping ~*~*~tactically~*~*~ (stealth).
    31 | D:1      | 31 ||| Stepping ~*~*~tactically~*~*~ (stealth).
    32 | D:1      | 32 ||| Stepping ~*~*~tactically~*~*~ (stealth).
   153 | D:1      | Reached XP level 2. HP: 19/19 MP: 2/2
   191 | D:1      | 191 ||| Stepping ~*~*~tactically~*~*~ (stealth).
   249 | D:1      | 249 ||| Stepping ~*~*~tactically~*~*~ (stealth).
   250 | D:1      | 250 ||| Stepping ~*~*~tactically~*~*~ (stealth).
   415 | D:1      | Found a faded altar of an unknown god.
   422 | D:1      | 422 ||| Stepping ~*~*~tactically~*~*~ (hiding).
   490 | D:1      | Reached skill level 3 in Axes
   610 | D:1      | Reached XP level 3. HP: 23/23 MP: 3/3
   951 | D:1      | Reached skill level 1 in Throwing
   975 | D:1      | 975 ||| UPGRADING to +0 cloak.
   980 | D:1      | 980 ||| UPGRADING to +0 pair of gloves.
   985 | D:1      | 985 ||| READING scroll labelled QIMUBRO VEVIRU.
   986 | D:1      | 986 ||| READING scroll labelled JEMMADOJEQ.
   987 | D:1      | 987 ||| READING scroll labelled KEIDEU COAF.
   991 | D:1      | 991 ||| READING scroll labelled TUWKIA IDAWECY.
  1030 | D:2      | 1030 ||| Stepping ~*~*~tactically~*~*~ (stealth).
  1042 | D:2      | 1042 ||| Stepping ~*~*~tactically~*~*~ (stealth).
  1078 | D:2      | 1078 ||| Stepping ~*~*~tactically~*~*~ (stealth).
  1099 | D:2      | 1099 ||| Stepping ~*~*~tactically~*~*~ (stealth).
  1165 | D:2      | Identified the +4 sling of Layrhim {freeze, rF- rN+ Dex+3
                  | Stlth+}
  1553 | D:2      | Identified the +6 spear of the Imperium {vorpal, *Noise
                  | rElec rPois rCorr}
  1598 | D:2      | Reached XP level 4. HP: 24/28 MP: 4/4
  1755 | D:2      | Identified the +0 leather armour "Osamp" {Fly Str-2 Dex+5}
  1954 | D:2      | 1954 ||| Stepping ~*~*~tactically~*~*~ (stealth).
  2044 | D:2      | 2044 ||| DROPPING +0 leather armour "Osamp" {Fly Str-2
                  | Dex+5}.
  2045 | D:2      | 2045 ||| READING scroll labelled ULITOFI ZOREU.
  2147 | D:3      | 2147 ||| Stepping ~*~*~tactically~*~*~ (stealth).
  2152 | D:3      | 2152 ||| Stepping ~*~*~tactically~*~*~ (stealth).
  2234 | D:3      | 2234 ||| DROPPING +0 mace.
  2349 | D:3      | 2349 ||| Stepping ~*~*~tactically~*~*~ (stealth).
  2381 | D:3      | Found a runed translucent door.
  2382 | D:3      | Noticed Crazy Yiuf
  2470 | D:3      | Found a sacrificial altar of Ru.
  2496 | D:3      | 2496 ||| Stepping ~*~*~tactically~*~*~ (stealth).
  2674 | D:3      | 2674 ||| Stepping ~*~*~tactically~*~*~ (hiding).
  3050 | D:3      | 3050 ||| UPGRADING to +2 cloak.
  3060 | D:3      | 3060 ||| DROPPING +0 cloak.
  3061 | D:3      | 3061 ||| UPGRADING to +4 ring of protection.
  3062 | D:3      | 3062 ||| DRINKING 2 blue potions.
  3063 | D:3      | 3063 ||| DRINKING 2 golden potions.
  3091 | D:4      | 3091 ||| READING scroll of enchant weapon.
  3091 | D:4      | 3091 ||| ENCHANTING +1 war axe.
  3151 | D:4      | Noticed Duvessa
  3151 | D:4      | Noticed Dowan
  3152 | D:4      | 3152 ||| Stepping ~*~*~tactically~*~*~ (hiding).
  3153 | D:4      | 3153 ||| Stepping ~*~*~tactically~*~*~ (hiding).
  3168 | D:4      | HP: 5/28 [Duvessa/+0 short sword (6)]
  3169 | D:4      | 3169 ||| READING scroll of teleportation.
  3170 | D:4      | 3170 ||| DRINKING potion of heal wounds.
  3173 | D:4      | Killed Duvessa
  3174 | D:4      | Reached XP level 5. HP: 32/32 MP: 5/5
  3206 | D:4      | 3206 ||| Stepping ~*~*~tactically~*~*~ (hiding).
  3211 | D:4      | Paralysed by Dowan for 5 turns
  3241 | D:4      | 3241 ||| Stepping ~*~*~tactically~*~*~ (stealth).
  3243 | D:4      | Killed Dowan
  3244 | D:4      | Reached XP level 6. HP: 23/38 MP: 6/6
  3303 | D:4      | 3303 ||| Stepping ~*~*~tactically~*~*~ (stealth).
  3562 | D:4      | Reached skill level 1 in Dodging
  3615 | D:4      | Found a shimmering blue altar of Sif Muna.
  3629 | D:4      | 3629 ||| DRINKING potion of curing.
  3629 | D:4      | 3629 ||| (to cure confusion)
  3667 | D:4      | 3667 ||| FLEEEEING.
  3669 | D:4      | 3669 ||| FLEEEEING.
  3867 | D:4      | 3867 ||| Stepping ~*~*~tactically~*~*~ (stealth).
  3877 | D:4      | 3877 ||| Stepping ~*~*~tactically~*~*~ (stealth).
  3899 | D:4      | Found a shadowy altar of Dithmenos.
  4009 | D:4      | 4009 ||| UPGRADING to +3 ring mail of positive energy.
  4019 | D:4      | 4019 ||| DROPPING +0 scale mail.
  4020 | D:4      | 4020 ||| READING scroll labelled GUFOAD CAUZ.
  4021 | D:4      | 4021 ||| DRINKING 3 murky orange potions.
  4021 | D:4      | Gained mutation: You expend magic power (3 MP) to
                  | strengthen your wands. [potion of mutation]
  4021 | D:4      | Gained mutation: You have supernaturally acute eyesight.
                  | (SInv) [potion of mutation]
  4021 | D:4      | Gained mutation: Armour fits poorly on your strangely
                  | shaped body. [potion of mutation]
  4022 | D:4      | 4022 ||| DRINKING 2 potions of mutation.
  4022 | D:4      | Lost mutation: Armour fits poorly on your strangely shaped
                  | body. [potion of mutation]
  4022 | D:4      | Lost mutation: You have supernaturally acute eyesight.
                  | (SInv) [potion of mutation]
  4022 | D:4      | Gained mutation: Your spells are a little harder to cast,
                  | but a little more powerful. [potion of mutation]
  4023 | D:4      | 4023 ||| READING 2 scrolls of identify.
  4023 | D:4      | 4023 ||| IDENTIFYING fizzy coppery potion
  4030 | D:5      | Entered Level 5 of the Dungeon
  4030 | D:5      | Found a blossoming altar of Fedhas.
  4048 | D:5      | 4048 ||| Stepping ~*~*~tactically~*~*~ (hiding).
  4050 | D:5      | 4050 ||| Stepping ~*~*~tactically~*~*~ (hiding).
  4168 | D:5      | Found a radiant altar of Vehumet.
  4201 | D:5      | 4201 ||| Stepping ~*~*~tactically~*~*~ (hiding).
  4215 | D:5      | HP: 5/38 [iguana (9)]
  4216 | D:5      | HP: 2/38 [iguana (4)]
  4218 | D:5      | Reached skill level 6 in Axes
  4218 | D:5      | Reached XP level 7. HP: 2/43 MP: 7/7
  4628 | D:5      | 4628 ||| READING scroll of enchant weapon.
  4628 | D:5      | 4628 ||| ENCHANTING +2 war axe.
  4746 | D:5      | 4746 ||| Stepping ~*~*~tactically~*~*~ (stealth).
  4840 | D:5      | 4840 ||| Stepping ~*~*~tactically~*~*~ (hiding).
  4842 | D:5      | 4842 ||| Stepping ~*~*~tactically~*~*~ (hiding).
  5049 | D:5      | Found Bunula's Assorted Antiques.
  5052 | D:5      | 5052 ||| BUYING potion of might (100 gold).
  5052 | D:5      | Bought a potion of might for 100 gold pieces
  5052 | D:5      | 5052 ||| BUYING puce potion (22 gold).
  5052 | D:5      | Bought a puce potion for 22 gold pieces
  5052 | D:5      | 5052 ||| BUYING scroll of teleportation (75 gold).
  5052 | D:5      | Bought a scroll of teleportation for 75 gold pieces
  5052 | D:5      | 5052 ||| SHOPLISTING shiny orb (300 gold, have 46).
  5306 | D:5      | 5306 ||| DROPPING +0 ring mail of cold resistance.
  5307 | D:5      | 5307 ||| READING scroll labelled RAOMUETIXA.
  5308 | D:5      | 5308 ||| DRINKING 2 inky potions.
  5309 | D:5      | 5309 ||| DROPPING potion of brilliance.
  5460 | D:6      | Noticed a steam dragon
  5460 | D:6      | Found Jipreost's Book Boutique.
  5461 | D:6      | 5461 ||| STAIRDANCE
  5476 | D:5      | Killed a steam dragon
  5477 | D:5      | 5477 ||| Stepping ~*~*~tactically~*~*~ (cloud).
  5478 | D:5      | 5478 ||| Stepping ~*~*~tactically~*~*~ (cloud).
  5479 | D:5      | 5479 ||| Stepping ~*~*~tactically~*~*~ (cloud).
  5654 | D:6      | Reached XP level 8. HP: 49/49 MP: 8/8
  5817 | D:6      | 5817 ||| Stepping ~*~*~tactically~*~*~ (stealth).
  5820 | D:6      | 5820 ||| Stepping ~*~*~tactically~*~*~ (stealth).
  5828 | D:6      | 5828 ||| Stepping ~*~*~tactically~*~*~ (stealth).
  5999 | D:6      | Reached skill level 6 in Fighting
  6106 | D:6      | Found a large runed translucent door.
  6106 | D:6      | Found a large runed translucent door.
  6108 | D:6      | Noticed a cyclops
  6108 | D:6      | Noticed a boulder beetle
  6126 | D:6      | 6126 ||| Stepping ~*~*~tactically~*~*~ (stealth).
  6133 | D:6      | Noticed Pikel
  6144 | D:6      | 6144 ||| Stepping ~*~*~tactically~*~*~ (stealth).
  6145 | D:6      | 6145 ||| Stepping ~*~*~tactically~*~*~ (stealth).
  6148 | D:6      | Killed Pikel
  6149 | D:6      | Reached skill level 9 in Axes
  6149 | D:6      | Reached XP level 9. HP: 36/55 MP: 9/9
  6182 | D:6      | 6182 ||| FLEEEEING.
  6183 | D:6      | 6183 ||| FLEEEEING.
  6185 | D:6      | 6185 ||| FLEEEEING.
  6186 | D:6      | 6186 ||| FLEEEEING.
  6187 | D:6      | 6187 ||| FLEEEEING.
  6188 | D:6      | 6188 ||| FLEEEEING.
  6189 | D:6      | 6189 ||| FLEEEEING.
  6190 | D:6      | 6190 ||| FLEEEEING.
  6191 | D:6      | 6191 ||| FLEEEEING.
  6192 | D:6      | 6192 ||| FLEEEEING.
  6193 | D:6      | 6193 ||| FLEEEEING.
  6194 | D:6      | 6194 ||| FLEEEEING.
  6195 | D:6      | 6195 ||| FLEEEEING.
  6196 | D:6      | 6196 ||| FLEEEEING.
  6197 | D:6      | 6197 ||| FLEEEEING.
  6198 | D:6      | 6198 ||| FLEEEEING.
  6199 | D:6      | 6199 ||| FLEEEEING.
  6200 | D:6      | 6200 ||| FLEEEEING.
  6201 | D:6      | 6201 ||| FLEEEEING.
  6202 | D:6      | 6202 ||| FLEEEEING.
  6203 | D:6      | 6203 ||| FLEEEEING.
  6204 | D:6      | 6204 ||| FLEEEEING.
  6205 | D:6      | 6205 ||| FLEEEEING.
  6206 | D:6      | 6206 ||| FLEEEEING.
  6207 | D:6      | 6207 ||| FLEEEEING.
  6208 | D:6      | 6208 ||| FLEEEEING.
  6209 | D:6      | 6209 ||| FLEEEEING.
  6210 | D:6      | 6210 ||| FLEEEEING.
  6211 | D:6      | 6211 ||| FLEEEEING.
  6212 | D:6      | 6212 ||| FLEEEEING.
  6213 | D:6      | 6213 ||| FLEEEEING.
  6214 | D:6      | 6214 ||| FLEEEEING.
  6215 | D:6      | 6215 ||| FLEEEEING.
  6216 | D:6      | 6216 ||| FLEEEEING.
  6217 | D:6      | 6217 ||| FLEEEEING.
  6218 | D:6      | 6218 ||| FLEEEEING.
  6219 | D:6      | 6219 ||| FLEEEEING.
  6220 | D:6      | 6220 ||| FLEEEEING.
  6221 | D:6      | 6221 ||| FLEEEEING.
  6223 | D:6      | 6223 ||| FLEEEEING.
  6224 | D:6      | 6224 ||| FLEEEEING.
  6238 | D:6      | HP: 10/55 [orc warrior/+4 battleaxe of electrocution (8)]
  6239 | D:6      | 6239 ||| READING 3 scrolls of teleportation.
  6240 | D:6      | 6240 ||| DRINKING potion of heal wounds.
  6464 | D:6      | 6464 ||| Stepping ~*~*~tactically~*~*~ (stealth).
  6556 | D:6      | Found a large runed translucent door.
  6556 | D:6      | Found a large runed translucent door.
  6564 | D:6      | 6564 ||| Stepping ~*~*~tactically~*~*~ (stealth).
  6571 | D:6      | Reached skill level 4 in Shields
  6803 | D:6      | Found a large runed translucent door.
  6803 | D:6      | Found a large runed translucent door.
  6807 | D:6      | Found a shimmering altar of Xom.
  6863 | D:6      | 6863 ||| Stepping ~*~*~tactically~*~*~ (hiding).
  6965 | D:6      | Identified the +7 short sword of the Traitor {chaos, rPois
                  | Str+4 Dex+4}
  7055 | D:6      | 7055 ||| Stepping ~*~*~tactically~*~*~ (hiding).
  7338 | D:6      | 7338 ||| UPGRADING to +4 chain mail of fire resistance.
  7348 | D:6      | 7348 ||| DROPPING +3 ring mail of positive energy.
  7349 | D:6      | 7349 ||| DROPPING +0 chain mail.
  7350 | D:6      | 7350 ||| UPGRADING to amulet of regeneration.
  7355 | D:6      | 7355 ||| READING 2 scrolls of identify.
  7355 | D:6      | 7355 ||| IDENTIFYING viscous red potion
  7373 | D:7      | Noticed Menkaure
  7379 | D:7      | Killed Menkaure
  7431 | D:7      | 7431 ||| Stepping ~*~*~tactically~*~*~ (hiding).
  7634 | D:7      | Found a runed translucent door.
  7637 | D:7      | Noticed qw's ghost (novice MiFi)
  7690 | D:7      | Found a staircase to the Ecumenical Temple.
  7721 | D:7      | 7721 ||| PLANNING TEMPLE
  7721 | D:7      | 7721 ||| READING scroll labelled QAUH SI ICE.
  7722 | D:7      | 7722 ||| READING scroll labelled TIRGHA WORI.
  7727 | Temple   | Entered the Ecumenical Temple
  7735 | Temple   | Became a worshipper of Warmaster Okawaru
  7738 | Temple   | 7738 ||| PLANNING D:1-11
  7754 | D:7      | Identified the +1 hat of Submission {Str+6}
  7909 | D:7      | Noticed Edmund
  7922 | D:7      | Killed Edmund
  7925 | D:7      | 7925 ||| DROPPING +0 flail.
  7940 | D:7      | Noticed Sigmund
  7947 | D:7      | Killed Sigmund
  8028 | D:7      | Noticed a gargoyle
  8039 | D:7      | Killed a gargoyle
  8039 | D:7      | Reached * piety under Okawaru
  8040 | D:7      | Reached XP level 10. HP: 57/65 MP: 10/10
  8052 | D:7      | Noticed a gargoyle
  8064 | D:7      | Killed a gargoyle
  8084 | D:7      | Noticed a gargoyle
  8092 | D:7      | Killed a gargoyle
  8093 | D:7      | Reached skill level 5 in Shields
  8113 | D:7      | Noticed a gargoyle
  8118 | D:7      | 8118 ||| INVOKING Heroism.
  8122 | D:7      | Killed a gargoyle
  8123 | D:7      | Reached skill level 3 in Invocations
  8149 | D:7      | Noticed a gargoyle
  8159 | D:7      | 8159 ||| INVOKING Heroism.
  8163 | D:7      | Killed a gargoyle
  8197 | D:7      | 8197 ||| DROPPING +3 flail of draining.
  8284 | D:7      | 8284 ||| UPGRADING to +1 hat of Submission {Str+6}.
  8289 | D:7      | 8289 ||| UPGRADING to +0 tower shield.
  8299 | D:7      | 8299 ||| DROPPING +0 buckler.
  8300 | D:7      | 8300 ||| DROPPING ring of flight.
  8301 | D:7      | 8301 ||| DRINKING 2 fuming puce potions.
  8326 | D:8      | Noticed an orange demon
  8327 | D:8      | 8327 ||| Stepping ~*~*~tactically~*~*~ (hiding).
  8327 | D:8      | Noticed Amaemon
  8328 | D:8      | 8328 ||| Stepping ~*~*~tactically~*~*~ (hiding).
  8330 | D:8      | 8330 ||| Stepping ~*~*~tactically~*~*~ (hiding).
  8331 | D:8      | 8331 ||| INVOKING Heroism.
  8340 | D:8      | Killed Amaemon
  8341 | D:8      | Reached skill level 6 in Shields
  8348 | D:8      | 8348 ||| INVOKING Heroism.
  8357 | D:8      | Killed an orange demon
  8357 | D:8      | Reached ** piety under Okawaru
  8358 | D:8      | Reached skill level 7 in Shields
  8384 | D:8      | 8384 ||| DROPPING +0 morningstar.
  8424 | D:8      | 8424 ||| Stepping ~*~*~tactically~*~*~ (stealth).
  8426 | D:8      | 8426 ||| Stepping ~*~*~tactically~*~*~ (stealth).
  8431 | D:8      | 8431 ||| Stepping ~*~*~tactically~*~*~ (stealth).
  8434 | D:8      | 8434 ||| Stepping ~*~*~tactically~*~*~ (stealth).
  8436 | D:8      | Reached skill level 8 in Shields
  8442 | D:8      | 8442 ||| Stepping ~*~*~tactically~*~*~ (hiding).
  8446 | D:8      | 8446 ||| Stepping ~*~*~tactically~*~*~ (hiding).
  8447 | D:8      | 8447 ||| Stepping ~*~*~tactically~*~*~ (hiding).
  8448 | D:8      | 8448 ||| Stepping ~*~*~tactically~*~*~ (hiding).
  8481 | D:8      | 8481 ||| Stepping ~*~*~tactically~*~*~ (stealth).
  8482 | D:8      | 8482 ||| Stepping ~*~*~tactically~*~*~ (stealth).
  8484 | D:8      | 8484 ||| Stepping ~*~*~tactically~*~*~ (stealth).
  8491 | D:8      | 8491 ||| Stepping ~*~*~tactically~*~*~ (stealth).
  8494 | D:8      | 8494 ||| Stepping ~*~*~tactically~*~*~ (stealth).
  8502 | D:8      | 8502 ||| INVOKING Heroism.
  8505 | D:8      | Reached skill level 9 in Shields
  8505 | D:8      | Reached XP level 11. HP: 64/69 MP: 11/14
  8505 | D:8      | Reached *** piety under Okawaru
  8561 | D:8      | Reached skill level 10 in Shields
  8595 | D:8      | 8595 ||| Stepping ~*~*~tactically~*~*~ (stealth).
  8596 | D:8      | 8596 ||| Stepping ~*~*~tactically~*~*~ (stealth).
  8597 | D:8      | 8597 ||| Stepping ~*~*~tactically~*~*~ (stealth).
  8607 | D:8      | 8607 ||| INVOKING Heroism.
  8753 | D:8      | 8753 ||| INVOKING Heroism.
  8755 | D:8      | 8755 ||| Stepping ~*~*~tactically~*~*~ (stealth).
  8756 | D:8      | 8756 ||| Stepping ~*~*~tactically~*~*~ (stealth).
  8764 | D:8      | 8764 ||| Stepping ~*~*~tactically~*~*~ (stealth).
  8768 | D:8      | 8768 ||| Stepping ~*~*~tactically~*~*~ (stealth).
  8832 | D:8      | 8832 ||| Stepping ~*~*~tactically~*~*~ (hiding).
  8836 | D:8      | 8836 ||| INVOKING Heroism.
  8910 | D:8      | 8910 ||| INVOKING Heroism.
  8919 | D:8      | 8919 ||| Stepping ~*~*~tactically~*~*~ (stealth).
  8940 | D:8      | Identified the +1 leather armour of Twilight {Will+}
  9101 | D:8      | 9101 ||| UPGRADING to +4 ring of evasion.
  9102 | D:8      | 9102 ||| READING scroll labelled APRAKH YKHLA.
  9103 | D:8      | 9103 ||| READING 2 scrolls of identify.
  9103 | D:8      | 9103 ||| IDENTIFYING coppery potion
  9168 | D:9      | 9168 ||| Stepping ~*~*~tactically~*~*~ (hiding).
  9170 | D:9      | 9170 ||| Stepping ~*~*~tactically~*~*~ (hiding).
  9173 | D:9      | 9173 ||| INVOKING Heroism.
  9183 | D:9      | Reached skill level 11 in Shields
  9251 | D:9      | Found a flagged portal.
  9252 | D:9      | 9252 ||| INVOKING Heroism.
  9295 | D:9      | 9295 ||| Stepping ~*~*~tactically~*~*~ (hiding).
  9297 | D:9      | 9297 ||| Stepping ~*~*~tactically~*~*~ (hiding).
  9368 | D:9      | Noticed Maurice
  9369 | D:9      | 9369 ||| Stepping ~*~*~tactically~*~*~ (hiding).
  9370 | D:9      | 9370 ||| Stepping ~*~*~tactically~*~*~ (hiding).
  9372 | D:9      | 9372 ||| Stepping ~*~*~tactically~*~*~ (hiding).
  9384 | D:9      | 9384 ||| FLEEEEING.
  9385 | D:9      | 9385 ||| FLEEEEING.
  9386 | D:9      | 9386 ||| FLEEEEING.
  9394 | D:9      | 9394 ||| FLEEEEING.
  9398 | Abyss:1  | Cast into level 1 of the Abyss (kobold brigand)
  9399 | Abyss:1  | 9399 ||| DRINKING 2 brown potions.
  9400 | Abyss:1  | 9400 ||| DROPPING potion of flight.
  9479 | Abyss:1  | 9479 ||| INVOKING Heroism.
  9501 | Abyss:1  | Noticed a cacodemon
  9501 | Abyss:1  | Noticed a sixfirhy
  9503 | Abyss:1  | Gained mutation: You have hidden genetic defects. [a
                  | cacodemon]
  9506 | Abyss:1  | Reached **** piety under Okawaru
  9507 | Abyss:1  | 9507 ||| INVOKING Heroism.
  9515 | Abyss:1  | Killed a sixfirhy
  9522 | Abyss:1  | Gained mutation: You do not regenerate when monsters are
                  | visible. [a cacodemon]
  9524 | Abyss:1  | Gained mutation: Your body sometimes deteriorates upon
                  | taking damage. [a cacodemon]
  9527 | Abyss:1  | Gained mutation: You occasionally lose the ability to drink
                  | potions when taking damage. [a cacodemon]
  9529 | Abyss:1  | 9529 ||| DRINKING 2 potions of curing.
  9529 | Abyss:1  | 9529 ||| (to cure confusion)
  9533 | Abyss:1  | 9533 ||| INVOKING Heroism.
  9536 | Abyss:1  | Killed a cacodemon
  9543 | Abyss:1  | Reached skill level 12 in Shields
  9543 | Abyss:1  | 9543 ||| DRINKING 2 potions of mutation.
  9543 | Abyss:1  | Lost mutation: Your spells are a little harder to cast, but
                  | a little more powerful. [potion of mutation]
  9543 | Abyss:1  | Lost mutation: You have hidden genetic defects. [potion of
                  | mutation]
  9543 | Abyss:1  | Lost mutation: You occasionally lose the ability to drink
                  | potions when taking damage. [potion of mutation]
  9543 | Abyss:1  | Gained mutation: A frigid envelope surrounds you and
                  | freezes all who hurt you. [potion of mutation]
  9543 | Abyss:1  | Gained mutation: You sometimes lose your temper in combat.
                  | [potion of mutation]
  9544 | Abyss:1  | 9544 ||| DRINKING potion of mutation.
  9544 | Abyss:1  | Lost mutation: You do not regenerate when monsters are
                  | visible. [potion of mutation]
  9544 | Abyss:1  | Lost mutation: A frigid envelope surrounds you and freezes
                  | all who hurt you. [potion of mutation]
  9544 | Abyss:1  | Lost mutation: Your body sometimes deteriorates upon taking
                  | damage. [potion of mutation]
  9544 | Abyss:1  | Gained mutation: You occasionally lose the ability to drink
                  | potions when taking damage. [potion of mutation]
  9544 | Abyss:1  | Gained mutation: You have a pair of small antennae on your
                  | head. [potion of mutation]
  9544 | Abyss:1  | Gained mutation: Armour fits poorly on your strangely
                  | shaped body. [potion of mutation]
  9544 | Abyss:1  | Gained mutation: Your spells are a little harder to cast,
                  | but a little more powerful. [potion of mutation]
  9623 | Abyss:1  | Noticed a great orb of eyes
  9628 | Abyss:1  | 9628 ||| DRINKING potion of curing.
  9628 | Abyss:1  | 9628 ||| (to cure confusion)
  9631 | Abyss:1  | 9631 ||| INVOKING Heroism.
  9632 | Abyss:1  | Blown up by a great orb of eyes

Levels and vault maps discovered:
D:1:      heliophobic_arrival_battle_scene, layout_basic,
          hellmonk_ecumenical_altar_blasted
D:2:      layout_loops_corners, solitary_fountain, nrook_uturn, chequers_avenue
D:3:      layout_loops_ring, nicolae_ru_awakened_eye, uniq_crazy_yiuf_cottage
D:4:      layout_basic, nicolae_dithmenos_the_darkroom, led_sif_book,
          uniq_duvessa
D:5:      layout_basic, vehumet_crystals, fedhas_ov_isle_minmay, serial_shops,
          kennysheep_mini_moat
D:6:      due_chaos_kobolds, layout_basic, serial_shops, shop,
          minmay_hollow_rounded_squares, uniq_pikel
D:7:      cheibrodos_statue_roulette, layout_cave_pools, temple_statues,
          hellmonk_ghost_happy_afterlife, sigmund_edmund_badplayer,
          uniq_menkaure
D:8:      layout_rooms, minmay_fractal_squares_gapless_5, uniq_amaemon
D:9:      layout_gridville, amcnicky_altar_gilded, enter_bailey_7, uniq_maurice
Temple:   lightli_temple_of_artemis
Abyss:1:  base: D:5, abyss_exit_lava

Skill      XL: |  1  2  3  4  5  6  7  8  9 10 11 |
---------------+----------------------------------+-----
Axes           | 2 3 5 6 7 9 10 | 10.1
Throwing       | 1 2 |  2.0
Fighting       | 4 5 6 8 |  8.4
Dodging        | 1 |  1.0
Shields        | 4 9 12 | 12.0
Armour         | 5 |  5.9
Invocations    | 4 5 |  5.4

Action                   |  1- 3 |  4- 6 |  7- 9 | 10-12 || total
-------------------------+-------+-------+-------+-------++-------
Melee: War axe           |    81 |   132 |   240 |   328 ||   781
Throw: Javelin           |    35 |    32 |     4 |       ||    71
       Boomerang         |       |       |    13 |    10 ||    23
Invok: Heroism           |       |       |       |    15 ||    15
  Use: Scroll            |     4 |     5 |     6 |     2 ||    17
       Potion            |       |     6 |     2 |     6 ||    14
Armor: Scale mail        |    35 |    74 |       |       ||   109
       Ring mail         |       |    16 |   117 |       ||   133
       Chain mail        |       |       |    46 |   150 ||   196
Dodge: Dodged            |    42 |    70 |    99 |    81 ||   292
Block: Buckler           |     8 |    37 |    34 |     6 ||    85
       Tower shield      |       |       |       |   206 ||   206

Table legend:
 A = Non-vault XP
 B = Vault XP
 C = Vault XP percentage of total XP
 D = Non-vault monster count
 E = Vault monster count
 F = Vault count percentage of total count
                 A         B        C        D         E       F
            +---------+---------+-------+---------+---------+-------
      Total |    9809 |    5767 |  37.0 |     169 |      31 |  15.5
            +---------+---------+-------+---------+---------+-------
        D:1 |      49 |       0 |   0.0 |      29 |       0 |   0.0
        D:2 |      43 |       0 |   0.0 |      16 |       0 |   0.0
        D:3 |      46 |       0 |   0.0 |      23 |       0 |   0.0
        D:4 |     117 |     211 |  64.3 |      14 |       2 |  12.5
        D:5 |     662 |       0 |   0.0 |      12 |       0 |   0.0
        D:6 |    1005 |    1157 |  53.5 |      21 |      11 |  34.4
        D:7 |     671 |    2607 |  79.5 |       9 |       8 |  47.1
        D:8 |    3585 |    1759 |  32.9 |      31 |       6 |  16.2
        D:9 |     718 |      33 |   4.4 |       9 |       4 |  30.8
    Abyss:1 |    2913 |       0 |   0.0 |       5 |       0 |   0.0
            +---------+---------+-------+---------+---------+-------
